 Dungeon Crawl Stone Soup version 0.22-a0-284-g99d1f74 (webtiles) character file.

58 Amnesiac the Ducker (level 3, -2/19 HPs)
             Began as a Spriggan Fighter on Mar 21, 2018.
             Slain by a gnoll
             ... wielding a +0 spear
              (9 damage)
             ... on level 3 of the Dungeon.
             The game lasted 00:02:30 (1112 turns).

Amnesiac the Ducker (Spriggan Fighter)              Turns: 1112, Time: 00:02:31

Health: -2/19      AC:  2    Str: 13    XL:     3   Next: 76%
Magic:  4/4        EV: 20    Int:  9    God:
Gold:   62         SH:  6    Dex: 15    Spells: 1/2 levels left

rFire    . . .     SeeInvis +   a - +0 long sword
rCold    . . .     Gourm    .   c - +0 buckler
rNeg     . . .     Faith    .   b - +0 robe
rPois    .         Spirit   .   (helmet restricted)
rElec    .         Reflect  .   (no cloak)
rCorr    .         Harm     .   (gloves unavailable)
MR       .....                  (boots unavailable)
Stlth    +.........             (no amulet)
HPRegen  0.06/turn              (no ring)
MPRegen  0.09/turn              (no ring)

@: very quick
A: very small, unfitting armour, see invisible, herbivore, speed 3, slow
metabolism 2
a: no special abilities


You were on level 3 of the Dungeon.
You were not hungry.

You visited 2 branches of the dungeon, and saw 5 of its levels.

You collected 62 gold pieces.

Inventory:

Hand Weapons
 a - a +0 long sword (weapon)
Missiles
 e - 18 poisoned needles
Armour
 b - a +0 robe (worn)
 c - a +0 buckler (worn)
Wands
 n - a wand of digging (8)
Scrolls
 j - 2 scrolls of identify {!r, unknown}
 k - a scroll of enchant armour {!r, unknown}
 l - a scroll of teleportation {!r, unknown}
 m - a scroll of remove curse {!r, unknown}
Potions
 d - a potion of might {!q}
 g - a potion of invisibility {!q, unknown}
 h - a potion of cancellation {!q, unknown}
 i - a potion of haste {!q, unknown}
Comestibles
 f - 2 rations


   Skills:
 - Level 2.4 Fighting
 * Level 2.6 Long Blades
 + Level 5.1 Dodging
 + Level 2.5 Shields


You had one spell level left.
You knew the following spells:

 Your Spells              Type           Power        Failure   Level  Hunger
z - Confusing Touch       Hex            #.....       50%         1    ##.....


Dungeon Overview and Level Annotations

Branches:
Dungeon (4/15)             Temple (1/1) D:4

Altars:
Ashenzari
Dithmenos
Elyvilon
Hepliaklqana
Makhleb
Nemelex Xobeh
Sif Muna
Trog
Xom


Innate Abilities, Weirdness & Mutations

You are very small and have problems with some larger weapons.
You are too small for most types of armour.
You have supernaturally acute eyesight. (SInv)
You are a herbivore.
You cover ground extremely quickly.
You need to consume almost no food.


Message History

* * * LOW HITPOINT WARNING * * *
The iguana completely misses you.
You see here a buckler.
m - a scroll labeled KINAMIO HUSS {!r}
There are no items here.
There is an escape hatch in the ceiling here.
A mysterious force pulls you upwards. The hatch slams shut behind you.
The gnoll shouts!
A bat and 2 gnolls come into view.
The gnoll shouts! x2
The bat hits you.
* * * LOW HITPOINT WARNING * * *
You hear a shout!
Found a wooden wand.
Found a stone staircase leading up.
A giant cockroach comes into view.
A gnoll comes into view. It is wielding a flail.
You block the bat's attack.
You see here a wand of digging (10).
n - a wand of digging (10)
The bat barely misses you.
Evoke which item? (* to show all) (? for menu, Esc to quit)
That's the wrong kind of item! (Use * to select it.) Evoke which item? (* to show all) (? for menu, Esc to quit)
Okay, then.
Evoke which item? (* to show all) (? for menu, Esc to quit)
Aiming: Dig
Press: ? - help, Shift-Dir - straight line The rock shatters into small pieces.
You block the bat's attack. The gnoll completely misses you.
The gnoll misses you. The bat barely misses you.
You riposte.
You hit the bat.
You kill the bat!
Evoke which item? (* to show all) (? for menu, Esc to quit)
Okay, then.
Evoke which item? (* to show all) (? for menu, Esc to quit)
That's the wrong kind of item! (Use * to select it.) Evoke which item? (* to show all) (? for menu, Esc to quit)
Okay, then.
Evoke which item? (* to show all) (? for menu, Esc to quit)
Aiming: Dig
Press: ? - help, Shift-Dir - straight line The rock shatters into small pieces.
An orc comes into view. It is wielding a dagger.
The orc shouts!
The orc misses you.
You hit the orc.
The orc is heavily wounded.
You block the orc's attack.
You closely miss the orc.
The orc is heavily wounded.
The orc misses you.
You hit the orc.
The orc is severely wounded.
You block the orc's attack. x2
You closely miss the orc.
The orc is severely wounded.
You block the orc's attack.
You hit the orc.
The orc is almost dead.
The orc misses you.
You riposte.
You hit the orc.
You kill the orc!
There is a stone staircase leading up here.
You start resting.
The gnoll hits you from afar with a spear!
You die...

........# #.# #..#
#.#.# .#..###.# #.#
#.# #..######.#
.#..# # #.# #.#
#..g..s...#
.#..###.###.######.#
#.#########
##..............##.#
#)g..s#
#...##.........##.#
#####.# #...#
##.##..##.# #g#
#...######.##..##.#
#.#
#.........[....@..#
#.#
#.#.#####..##..####
#.# #.#.#
#.###.g##########.#
#.#.# #.#
#.s...........#
#.#.# #.#
##.############
#.#.# ##.## #.#
#.#.####...###.#
#.#........>...#
##.######...#####


You could see a gnoll and a giant cockroach.

Vanquished Creatures
  A worker ant (D:4)
  2 oozes (D:3)
  A dart slug (D:1)
  2 orcs (D:3)
  2 giant cockroaches
  2 goblins (D:1)
  3 hobgoblins
  A ball python (D:3)
  4 bats
  A frilled lizard (D:1)
  6 rats
25 creatures vanquished.

Notes
Turn   | Place    | Note
-------+----------+-------------------------------------------
     0 | D:1      | Amnesiac the Spriggan Fighter began the quest for the Orb.
     0 | D:1      | Reached XP level 1. HP: 11/11 MP: 2/2
   367 | D:1      | Reached XP level 2. HP: 14/16 MP: 3/3
   635 | D:3      | Learned a level 1 spell: Confusing Touch
   652 | D:3      | Reached XP level 3. HP: 19/19 MP: 4/4
   748 | D:4      | Found a staircase to the Ecumenical Temple.
   754 | Temple   | Entered the Ecumenical Temple
   844 | D:4      | Reached skill level 5 in Dodging
  1112 | D:3      | Slain by a gnoll

Vault maps used:
D:1:      scummos_arrival_simple_crosswalls
D:3:      uniq_robin
D:4:      fedhas_altar_3, minmay_temple_entry_nine_rooms,
          nemelex_dance_club_becter, uniq_menkaure
Temple:   compressed_dpeg_triangle_lava_temple

Skill      XL: |  1  2  3 |
---------------+----------+-----
Long Blades    | 2 |  2.6
Dodging        | 5 |  5.1
Fighting       | |  2.4
Shields        | |  2.5

Action                   || total
-------------------------++-------
Melee: Long sword        ||    61
Evoke: Wand              ||     2
 Stab: Sleeping          ||     2
Armor: Robe              ||     3
Dodge: Dodged            ||    38
Block: Buckler           ||    27
       Rpst.: Long sword ||    13

Table legend:
 A = Spawn XP
 B = Non-spawn XP
 C = Spawn XP percentage of total XP
 D = Spawn monster count
 E = Non-spawn monster count
 F = Spawn count percentage of total count
 G = Total turns spent on level
                    A         B        C        D         E        F      G
               +---------+---------+-------+---------+---------+-------+---------
         Total |       0 |      84 |   0.0 |       0 |      25 |   0.0 |  1112
               +---------+---------+-------+---------+---------+-------+---------
           D:1 |       0 |      17 |   0.0 |       0 |      11 |   0.0 |   506
           D:2 |       0 |       3 |   0.0 |       0 |       2 |   0.0 |    66
           D:3 |       0 |      31 |   0.0 |       0 |      11 |   0.0 |   220
           D:4 |       0 |      33 |   0.0 |       0 |       1 |   0.0 |   255
               +---------+---------+-------+---------+---------+-------+---------
